TOP OF THE 1ST |
Salt Lake Bees batting - Pitching for Columbus Clippers : RHP Josh Hoeye
|
Pitching: RHP Josh Hoeye
|
|
Batting: RHB Kian-tat Chen
|
0-0: Foul Ball, location: 2F 0-1: Swinging Strike 0-2: SINGLE (Groundball, 34D, EV 103.8 MPH)
|
Batting: LHB James McCauley
|
0-0: Ball 1-0: Ball 2-0: Called Strike 2-1: Fly out, F9 (Flyball, 9LD, EV 86.2 MPH)
|
Batting: LHB Jonathon Walton
|
0-0: Called Strike 0-1: Called Strike 0-2: Foul Ball, location: 2F 0-2: Ball 1-2: Ball 2-2: Foul Ball, location: 2F 2-2: Strikes out swinging
|
Batting: LHB Micah Miller
|
0-0: Ball 1-0: Called Strike 1-1: Foul Ball, location: 2F 1-2: Ground out 4-3 (Groundball, 34S, EV 85.6 MPH)
|
Top of the 1st over - 0 runs, 1 hit, 0 errors, 1 left on base; Salt Lake 0 - Columbus 0 |
BOTTOM OF THE 1ST |
Columbus Clippers batting - Pitching for Salt Lake Bees : RHP Dave Thomas
|
Pitching: RHP Dave Thomas
|
|
Batting: LHB Jesus Lozano
|
0-0: Ball 1-0: Called Strike 1-1: Called Strike 1-2: Strikes out swinging
|
Batting: LHB Corey Trevor
|
0-0: Ball 1-0: Foul Ball, location: 2F 1-1: Called Strike 1-2: Ground out 5-3 (Groundball, 5, EV 85.6 MPH)
|
Batting: LHB Danny Dunham
|
0-0: Ball 1-0: Called Strike 1-1: SINGLE (Groundball, 56D, EV 96.2 MPH)
|
Batting: LHB Robert Watson
|
0-0: Called Strike 0-1: Ground out 1-3 (Groundball, 13S, EV 66.9 MPH)
|
Bottom of the 1st over - 0 runs, 1 hit, 0 errors, 1 left on base; Salt Lake 0 - Columbus 0 |
TOP OF THE 2ND |
Salt Lake Bees batting - Pitching for Columbus Clippers : RHP Josh Hoeye
|
Batting: RHB Melvin Gomez
|
0-0: Ball 1-0: Ball 2-0: Called Strike 2-1: Swinging Strike 2-2: DOUBLE (Flyball, 8RXD, EV 103.1 MPH)
|
Batting: LHB Brett Bugge
|
0-0: Ball 1-0: DOUBLE (Flyball, 89XD, EV 106.9 MPH) Melvin Gomez scores
|
Batting: RHB Jeff Long
|
0-0: Ball 1-0: Swinging Strike 1-1: Swinging Strike 1-2: Ball 2-2: Ground out 1-3 (Groundball, 13, EV 68.8 MPH) Brett Bugge to third
|
Batting: SHB Butch Brown
|
0-0: Foul Ball, location: 2F 0-1: Ball 1-1: Foul Ball, location: 2F 1-2: Foul Ball, location: 2F 1-2: Ball 2-2: Ball 3-2: Fly out, F8 (Flyball, 8RD, EV 86.2 MPH) Runner from 3rd tags up, SCORES, throw by CF
|
Batting: RHB Terry Baginski
|
0-0: Foul Ball, location: 2F 0-1: Ground out 6-3 (Groundball, 6, EV 107.5 MPH)
|
Top of the 2nd over - 2 runs, 2 hits, 0 errors, 0 left on base; Salt Lake 2 - Columbus 0 |
BOTTOM OF THE 2ND |
Columbus Clippers batting - Pitching for Salt Lake Bees : RHP Dave Thomas
|
Batting: LHB Jim Keefe
|
0-0: Foul Ball, location: 2F 0-1: Foul Ball, location: 2F 0-2: Ball 1-2: Ball 2-2: Ball 3-2: Foul Ball, location: 2F 3-2: Foul Ball, location: 2F 3-2: Foul Ball, location: 2F 3-2: Base on Balls
|
Batting: LHB Justin Barker
|
0-0: Foul Ball, location: 2F 0-1: Ball 1-1: Foul Ball, location: 2F 1-2: Ball 2-2: Strikes out swinging
|
Batting: LHB Tyler Babbitt
|
0-0: Ball 1-0: Ball 2-0: Called Strike 2-1: Ball 3-1: Foul Ball, location: 2F 3-2: Foul Ball, location: 2F 3-2: Foul Ball, location: 2F 3-2: Foul Ball, location: 2F 3-2: Foul Ball, location: 2F 3-2: 2-RUN HOME RUN (Flyball, 7LD, EV 103.1 MPH), Distance : 380 ft
|
Batting: RHB Josh Hoeye
|
0-0: Called Strike 0-1: Ball 1-1: Foul Ball, location: 2F 1-2: Ball 2-2: SINGLE (Groundball, 56D, EV 99.4 MPH)
|
Batting: SHB Scott Scott
|
0-0: Called Strike 0-1: Ball 1-1: Ball 2-1: Foul Ball, location: 2F 2-2: Fielders Choice at 2nd, 4-6 (Groundball, 4, EV 107.5 MPH)
|
Batting: LHB Jesus Lozano
|
0-0: Ball Scott Scott steals 2nd base 1-0: Foul Ball, location: 2F 1-1: Ball 2-1: Swinging Strike 2-2: Foul Ball, location: 2F 2-2: Ball 3-2: Base on Balls
|
Batting: LHB Corey Trevor
|
0-0: SINGLE (Groundball, 4MS, EV 74.4 MPH) (infield hit) Scott Scott to third Jesus Lozano to second
|
Batting: LHB Danny Dunham
|
0-0: Ball 1-0: Ball 2-0: Ball 3-0: Called Strike 3-1: Foul Ball, location: 2F 3-2: Foul Ball, location: 2F 3-2: Base on Balls Scott Scott scores Jesus Lozano to third Corey Trevor to second
|
Batting: LHB Robert Watson
|
0-0: Called Strike 0-1: Ball 1-1: Foul Ball, location: 2F 1-2: Foul Ball, location: 2F 1-2: Ball 2-2: Foul Ball, location: 2F 2-2: Ball 3-2: Base on Balls Jesus Lozano scores Corey Trevor to third Danny Dunham to second
|
Batting: LHB Jim Keefe
|
0-0: Foul Ball, location: 2F 0-1: Foul Ball, location: 2F 0-2: Strikes out swinging
|
Bottom of the 2nd over - 4 runs, 3 hits, 0 errors, 3 left on base; Salt Lake 2 - Columbus 4 |
TOP OF THE 3RD |
Salt Lake Bees batting - Pitching for Columbus Clippers : RHP Josh Hoeye
|
Batting: RHB Kian-tat Chen
|
0-0: Ball 1-0: SINGLE (Line Drive, 7LS, EV 90.0 MPH)
|
Batting: LHB James McCauley
|
0-0: Called Strike Kian-tat Chen is caught stealing 2nd base 2-6 0-1: Ball 1-1: DOUBLE (Flyball, 8RXD, EV 98.1 MPH)
|
Batting: LHB Jonathon Walton
|
0-0: Ball 1-0: Called Strike 1-1: Ball 2-1: Swinging Strike 2-2: Foul Ball, location: 2F 2-2: Foul Ball, location: 2F 2-2: Ball 3-2: Foul Ball, location: 2F 3-2: Foul Ball, location: 2F 3-2: DOUBLE (Line Drive, 9LS, EV 94.4 MPH) James McCauley scores
|
Batting: LHB Micah Miller
|
0-0: Ball 1-0: Ball 2-0: Ball 3-0: Base on Balls
|
Batting: RHB Melvin Gomez
|
0-0: Swinging Strike 0-1: Called Strike 0-2: Ball 1-2: Strikes out swinging
|
Batting: LHB Brett Bugge
|
0-0: Ball 1-0: Called Strike 1-1: Foul Ball, location: 2F 1-2: Foul Ball, location: 2F 1-2: Ball 2-2: Strikes out swinging
|
Top of the 3rd over - 1 run, 3 hits, 0 errors, 2 left on base; Salt Lake 3 - Columbus 4 |
BOTTOM OF THE 3RD |
Columbus Clippers batting - Pitching for Salt Lake Bees : RHP Dave Thomas
|
Batting: LHB Justin Barker
|
0-0: Swinging Strike 0-1: Fly out, F7 (Flyball, 7, EV 88.1 MPH)
|
Batting: LHB Tyler Babbitt
|
0-0: Ball 1-0: Ball 2-0: Ball 3-0: Base on Balls
|
Batting: RHB Josh Hoeye
|
0-0: Ball Tyler Babbitt steals 2nd base 1-0: Ball 2-0: Called Strike 2-1: Ball 3-1: Base on Balls
|
Batting: SHB Scott Scott
|
0-0: Ball 1-0: Foul Ball, location: 2F 1-1: Fielders Choice at 2nd, 4-6 (Groundball, 4, EV 90.6 MPH) Tyler Babbitt to third
|
Batting: LHB Jesus Lozano
|
0-0: Ball 1-0: Ball 2-0: Called Strike 2-1: Ball 3-1: Base on Balls Scott Scott to second
|
Pitching: RHP George Rosario
|
|
Batting: LHB Corey Trevor
|
0-0: Fielders Choice at 2nd, 6-4 (Groundball, 6, EV 90.0 MPH)
|
Bottom of the 3rd over - 0 runs, 0 hits, 0 errors, 3 left on base; Salt Lake 3 - Columbus 4 |
TOP OF THE 4TH |
Salt Lake Bees batting - Pitching for Columbus Clippers : RHP Josh Hoeye
|
Batting: RHB Jeff Long
|
0-0: Ground out U3 (Groundball, 3S, EV 87.5 MPH)
|
Batting: SHB Butch Brown
|
0-0: Ball 1-0: Ball 2-0: Called Strike 2-1: Ball 3-1: Foul Ball, location: 2F 3-2: Foul Ball, location: 2F 3-2: Foul Ball, location: 2F 3-2: Strikes out looking
|
Batting: RHB Terry Baginski
|
0-0: Called Strike 0-1: Foul Ball, location: 2F 0-2: Strikes out looking
|
Top of the 4th over - 0 runs, 0 hits, 0 errors, 0 left on base; Salt Lake 3 - Columbus 4 |
BOTTOM OF THE 4TH |
Columbus Clippers batting - Pitching for Salt Lake Bees : RHP George Rosario
|
Batting: LHB Danny Dunham
|
0-0: Called Strike 0-1: SINGLE (Groundball, 6D, EV 99.4 MPH)
|
Batting: LHB Robert Watson
|
0-0: Ball 1-0: Ball 2-0: Foul Ball, location: 2F 2-1: Foul Ball, location: 2F 2-2: Ball 3-2: Reached on error, E3 (Groundball, 34, EV 97.5 MPH) Danny Dunham to second
|
Batting: LHB Jim Keefe
|
0-0: Ball 1-0: Ball 2-0: Foul Ball, location: 2F 2-1: Foul Ball, location: 2F 2-2: Strikes out swinging
|
Batting: LHB Justin Barker
|
0-0: Foul Ball, location: 2F 0-1: Fly out, F8 (Line Drive, 8LD, EV 91.2 MPH)
|
Batting: LHB Tyler Babbitt
|
0-0: Ball 1-0: Swinging Strike 1-1: Ground out U3 (Groundball, 3, EV 83.1 MPH)
|
Bottom of the 4th over - 0 runs, 1 hit, 1 error, 2 left on base; Salt Lake 3 - Columbus 4 |
TOP OF THE 5TH |
Salt Lake Bees batting - Pitching for Columbus Clippers : RHP Josh Hoeye
|
Batting: RHB Kian-tat Chen
|
0-0: Ground out 6-3 (Groundball, 6, EV 85.0 MPH)
|
Batting: LHB James McCauley
|
0-0: Foul Ball, location: 2F 0-1: Ball 1-1: Fly out, F8 (Flyball, 8RM, EV 88.8 MPH)
|
Batting: LHB Jonathon Walton
|
0-0: Ground out 4-3 (Groundball, 4, EV 102.5 MPH)
|
Top of the 5th over - 0 runs, 0 hits, 0 errors, 0 left on base; Salt Lake 3 - Columbus 4 |
BOTTOM OF THE 5TH |
Columbus Clippers batting - Pitching for Salt Lake Bees : RHP George Rosario
|
Batting: RHB Josh Hoeye
|
0-0: Ball 1-0: Ball 2-0: Ball 3-0: Called Strike 3-1: Base on Balls
|
Batting: SHB Scott Scott
|
0-0: Ball Josh Hoeye is caught stealing 2nd base 2-6 1-0: Ball 2-0: Swinging Strike 2-1: Ball 3-1: Base on Balls
|
Batting: LHB Jesus Lozano
|
0-0: Called Strike Scott Scott is caught stealing 2nd base 2-6 0-1: Ball 1-1: Fly out, F5 (Popup, 5S, EV 86.2 MPH)
|
Bottom of the 5th over - 0 runs, 0 hits, 0 errors, 0 left on base; Salt Lake 3 - Columbus 4 |
TOP OF THE 6TH |
Salt Lake Bees batting - Pitching for Columbus Clippers : RHP Josh Hoeye
|
Batting: LHB Micah Miller
|
0-0: Ball 1-0: Fly out, F8 (Flyball, 78S, EV 83.1 MPH)
|
Batting: RHB Melvin Gomez
|
0-0: Fly out, F7 (Line Drive, 7S, EV 92.5 MPH)
|
Batting: LHB Brett Bugge
|
0-0: Called Strike 0-1: Fly out, F8 (Flyball, 89D, EV 80.6 MPH)
|
Top of the 6th over - 0 runs, 0 hits, 0 errors, 0 left on base; Salt Lake 3 - Columbus 4 |
BOTTOM OF THE 6TH |
Columbus Clippers batting - Pitching for Salt Lake Bees : RHP George Rosario
|
Batting: LHB Corey Trevor
|
0-0: Foul Ball, location: 2F 0-1: Ball 1-1: Ball 2-1: SINGLE (Groundball, 34D, EV 103.1 MPH)
|
Batting: LHB Danny Dunham
|
0-0: Ball 1-0: Ball Corey Trevor steals 2nd base 2-0: Ball 3-0: Called Strike 3-1: Base on Balls
|
Batting: LHB Robert Watson
|
0-0: Fly out, F3 (Line Drive, 3, EV 67.5 MPH) Lined into DP, U3 (Line Drive, 3, EV 68.8 MPH)
|
Batting: LHB Jim Keefe
|
0-0: Ball 1-0: Ball 2-0: Ball 3-0: Called Strike 3-1: Base on Balls
|
Batting: LHB Justin Barker
|
0-0: Called Strike 0-1: Fielders Choice at 2nd, 6-4 (Groundball, 6, EV 108.8 MPH)
|
Bottom of the 6th over - 0 runs, 1 hit, 0 errors, 2 left on base; Salt Lake 3 - Columbus 4 |
TOP OF THE 7TH |
Salt Lake Bees batting - Pitching for Columbus Clippers : RHP Josh Hoeye
|
Now at 1B: Gabe White
|
|
Now at 2B: Justin Barker
|
|
Now at 3B: Chang-wei Jiang
|
|
Batting: RHB Jeff Long
|
0-0: Ball 1-0: Ball 2-0: Called Strike 2-1: SINGLE (Line Drive, 34D, EV 100.0 MPH)
|
Batting: SHB Butch Brown
|
0-0: Ball Jeff Long steals 2nd base (no throw) 1-0: Foul Ball, location: 2F 1-1: Ball 2-1: Sac Bunt to 25 - play at first, batter OUT! 5-4 Jeff Long to third
|
Batting: RHB Terry Baginski
|
0-0: Ball 1-0: Called Strike 1-1: Fly out, F9 (Flyball, 89M, EV 91.2 MPH)
|
Batting: RHB Kian-tat Chen
|
0-0: Called Strike 0-1: Foul Ball, location: 2F 0-2: Foul Ball, location: 2F 0-2: Foul Ball, location: 2F 0-2: Foul Ball, location: 2F 0-2: Ball 1-2: Strikes out looking
|
Top of the 7th over - 0 runs, 1 hit, 0 errors, 1 left on base; Salt Lake 3 - Columbus 4 |
BOTTOM OF THE 7TH |
Columbus Clippers batting - Pitching for Salt Lake Bees : RHP George Rosario
|
Pitching: LHP Nick Yarbrough
|
|
Pinch Hitting: RHB Eddie LaRose
|
0-0: Foul Ball, location: 2F 0-1: Foul Ball, location: 2F 0-2: Ball 1-2: Strikes out swinging
|
Batting: RHB Josh Hoeye
|
0-0: SINGLE (Line Drive, 5D, EV 96.9 MPH)
|
Batting: SHB Scott Scott
|
0-0: Called Strike Josh Hoeye is caught stealing 2nd base 2-4 0-1: Ball 1-1: Called Strike 1-2: Ground out 5-3 (Groundball, 56S, EV 66.2 MPH)
|
Bottom of the 7th over - 0 runs, 1 hit, 0 errors, 0 left on base; Salt Lake 3 - Columbus 4 |
TOP OF THE 8TH |
Salt Lake Bees batting - Pitching for Columbus Clippers : RHP Josh Hoeye
|
Now in LF: Stu Sornson
|
|
Batting: LHB James McCauley
|
0-0: Swinging Strike 0-1: Ball 1-1: Foul Ball, location: 2F 1-2: Ball 2-2: Foul Ball, location: 2F 2-2: Foul Ball, location: 2F 2-2: Ball 3-2: Base on Balls
|
Batting: LHB Jonathon Walton
|
0-0: Ball 1-0: Called Strike 1-1: Called Strike 1-2: Ball 2-2: Foul Ball, location: 2F 2-2: Ball 3-2: Base on Balls James McCauley to second
|
Pitching: RHP Chris Cohen
|
|
Batting: LHB Micah Miller
|
0-0: Called Strike 0-1: Ball 1-1: Foul Ball, location: 2F 1-2: Ball 2-2: Grounds into double play, 4-6-3 (Groundball, 4, EV 88.8 MPH) James McCauley to third
|
Batting: RHB Melvin Gomez
|
0-0: Called Strike 0-1: Called Strike 0-2: Ball 1-2: Strikes out looking
|
Top of the 8th over - 0 runs, 0 hits, 0 errors, 1 left on base; Salt Lake 3 - Columbus 4 |
BOTTOM OF THE 8TH |
Columbus Clippers batting - Pitching for Salt Lake Bees : LHP Nick Yarbrough
|
Batting: LHB Gabe White
|
0-0: Foul Ball, location: 2F 0-1: Ball 1-1: Called Strike 1-2: Ball 2-2: Foul Ball, location: 2F 2-2: SINGLE (Line Drive, 89M, EV 105.0 MPH)
|
Batting: LHB Corey Trevor
|
0-0: Called Strike 0-1: Ball 1-1: Ball 2-1: Foul Ball, location: 2F 2-2: Ball 3-2: Base on Balls Gabe White to second
|
Batting: RHB Chang-wei Jiang
|
0-0: Ball 1-0: Ball 2-0: Hit by Pitch Gabe White to third Corey Trevor to second
|
Batting: LHB Robert Watson
|
0-0: Ball 1-0: Ball 2-0: Fly out, F7 (Flyball, 7, EV 91.9 MPH) Runner from 3rd tags up, SCORES, no throw by LF
|
Batting: LHB Jim Keefe
|
0-0: Ball 1-0: Ball 2-0: SINGLE (Line Drive, 89S, EV 96.9 MPH) Corey Trevor to third Chang-wei Jiang to second Runner from 3rd tries for Home, SAFE, throw by RF to home
|
Batting: LHB Justin Barker
|
0-0: Ball 1-0: Fly out, F5 (Popup, 56S, EV 76.9 MPH)
|
Batting: LHB Stu Sornson
|
0-0: Ball 1-0: Foul Ball, location: 2F 1-1: Called Strike 1-2: Ball 2-2: Foul Ball, location: 2F 2-2: Ball 3-2: Base on Balls Chang-wei Jiang to third Jim Keefe to second
|
Pitching: RHP Joe Beam
|
|
Batting: RHB Josh Hoeye
|
0-0: Ball 1-0: Called Strike 1-1: Foul Ball, location: 2F 1-2: Foul Ball, location: 2F 1-2: Strikes out swinging
|
Bottom of the 8th over - 2 runs, 2 hits, 0 errors, 3 left on base; Salt Lake 3 - Columbus 6 |
TOP OF THE 9TH |
Salt Lake Bees batting - Pitching for Columbus Clippers : RHP Chris Cohen
|
Now at 2B: Dan Hill
|
|
Now at 3B: Justin Barker
|
|
Batting: LHB Brett Bugge
|
0-0: Ball 1-0: Ball 2-0: Ground out 5-3 (Groundball, 56, EV 97.5 MPH)
|
Batting: RHB Jeff Long
|
0-0: Ball 1-0: Foul Ball, location: 2F 1-1: Called Strike 1-2: Strikes out swinging
|
Batting: SHB Butch Brown
|
0-0: Called Strike 0-1: Ground out 4-3 (Groundball, 34D, EV 107.5 MPH)
|
Top of the 9th over - 0 runs, 0 hits, 0 errors, 0 left on base; Salt Lake 3 - Columbus 6 |
|